 Dungeon Crawl Stone Soup version 0.28-a0-1038-g9c4cb8273d (webtiles) character file.

Game seed: 15805270461633306182

235 vineage the Skirmisher (level 6, -7/42 HPs)
             Began as a Gargoyle Fighter on Dec 8, 2021.
             Mangled by an ogre (18 damage)
             ... on level 3 of the Dungeon.
             The game lasted 00:02:05 (2387 turns).

vineage the Skirmisher (Gargoyle Fighter)           Turns: 2387, Time: 00:02:05

Health: -7/42      AC: 11    Str: 20    XL:     6   Next: 5%
Magic:  6/6        EV: 10    Int:  8    God:
Gold:   93         SH:  4    Dex: 11    Spells: 5/5 levels left

rFire   . . .      SeeInvis .   j - +2 whip (freeze)
rCold   . . .      Faith    .   c - +0 buckler
rNeg    + . .      Spirit   .   b - +0 scale mail
rPois   ∞          Reflect  .   (no helmet)
rElec   +          Harm     .   (no cloak)
rCorr   .          Rampage  .   (no gloves)
Will    .....                   (no boots)
Stlth   ..........              (no amulet)
HPRegen 0.14/turn               (no ring)
MPRegen 0.10/turn               (no ring)

@: no status effects
A: sickness immunity, AC +4, negative energy resistance 1, electricity
resistance, torment resistance 1, petrification resistance
a: no special abilities


You were on level 3 of the Dungeon.
You visited 1 branch of the dungeon, and saw 3 of its levels.

You collected 93 gold pieces.

Inventory:

Hand Weapons
 a - a +0 flail
 i - a +3 dagger of protection
 j - a +2 whip of freezing (weapon)
Armour
 b - a +0 scale mail (worn)
 c - a +0 buckler (worn)
Scrolls
 f - a scroll of teleportation
 g - a scroll of magic mapping {unknown}
 k - a scroll of holy word {unknown}
 m - a scroll of enchant weapon
Potions
 e - 2 potions of magic {unknown}
 h - a potion of lignification {unknown}
 l - a potion of attraction {unknown}


   Skills:
 + Level 6.3 Fighting
 - Level 2.0 Maces & Flails
 - Level 3.2 Armour
 + Level 2.0 Dodging
 + Level 1.2 Stealth
 - Level 3.2 Shields


You had 5 spell levels left.
You didn't know any spells.
Your spell library contained the following spells:

 Spells                   Type           Power      Damage    Failure   Level
 Magic Dart               Conj           0%         1d3       80%         1
 Call Imp                 Summ           0%         N/A       90%         2
 Mephitic Cloud           Conj/Pois/Air  0%         N/A       99%         3


Dungeon Overview and Level Annotations

Branches:
Dungeon (3/15)

Altars:


Innate Abilities, Weirdness & Mutations

You are immune to sickness and miasma.
Your stone body is resilient. (AC +4)
You are immune to poison.
You resist negative energy. (rN+)
You are resistant to electric shocks. (rElec)
You are resistant to unholy torment.
You are immune to petrification.


Message History

No target in view!
Your +3 dagger of protection goes still.
Your +2 whip of freezing glows with a cold blue light!
j - a +2 whip of freezing (weapon)
Things that are here:
a +0 dagger; a stone You pick up a book of Minor Magic and begin reading...
You add the spells Magic Dart, Call Imp and Mephitic Cloud to your library.
Found a stone staircase leading down.
You now have 93 gold pieces (gained 18).
Found a flail.
Found 18 stones.
No target in view!
A hobgoblin and an ogre come into view.
Found 20 stones.
The ogre shouts!
There are monsters nearby!
There are monsters nearby!
You barely miss the hobgoblin. The hobgoblin hits you.
You closely miss the hobgoblin. The hobgoblin barely misses you.
You block the hobgoblin's attack.
You hit the hobgoblin. You freeze the hobgoblin.
You kill the hobgoblin!
You block the ogre's attack.
You hit the ogre. You freeze the ogre.
The ogre is moderately wounded.
An endoplasm comes into view.
You hit the ogre. You freeze the ogre.
The ogre is moderately wounded.
The ogre closely misses you.
You barely miss the ogre.
The ogre is moderately wounded.
The endoplasm jiggles.
The ogre hits you with a +0 giant spiked club!!
Ouch! That really hurt!
* * * LOW HITPOINT WARNING * * *
You hit the ogre. You freeze the ogre.
The ogre is heavily wounded.
The ogre hits you with a +0 giant spiked club!!
You die...

#.....# . # #.....
#.....# #. ####.....
##. #### #........
... ...#####........
#.## #..#...........
#...##
#.#.#....####.
..####..###...#..###
. .....)..........##
....###@###......# .
#O......#.....
.J.##.....#.##
........####.#
.....##.## .
...#..(..# .
.(#....#.##
..##.#...


You could see an ogre and an endoplasm.

Vanquished Creatures
  Sigmund (D:3)
  2 adders
  2 worms (D:3)
  2 dart slugs (D:1)
  2 ball pythons (D:1)
  5 bats
  6 endoplasms
  A giant cockroach (D:2)
  5 goblins
  7 hobgoblins
  2 jackals (D:1)
  4 kobolds
  2 quokkas
  A frilled lizard (D:1)
  3 rats (D:1)
45 creatures vanquished.

Notes
Turn   | Place    | Note
-------+----------+-------------------------------------------
     0 | D:1      | vineage the Gargoyle Fighter began the quest for the Orb.
     0 | D:1      | Reached XP level 1. HP: 14/14 MP: 1/1
    80 | D:1      | Reached XP level 2. HP: 20/20 MP: 2/2
   274 | D:1      | Reached skill level 4 in Fighting
   536 | D:1      | Reached XP level 3. HP: 13/24 MP: 3/3
  1920 | D:2      | Found a faded altar of an unknown god.
  2035 | D:3      | Reached XP level 4. HP: 30/30 MP: 4/4
  2040 | D:3      | Reached skill level 1 in Dodging
  2058 | D:3      | Reached skill level 5 in Fighting
  2139 | D:3      | Noticed Sigmund
  2151 | D:3      | Killed Sigmund
  2152 | D:3      | Reached skill level 6 in Fighting
  2152 | D:3      | Reached skill level 1 in Stealth
  2152 | D:3      | Reached XP level 5. HP: 20/36 MP: 5/5
  2152 | D:3      | Reached XP level 6. HP: 23/41 MP: 6/6
  2387 | D:3      | Mangled by an ogre

Illustrated notes

Levels and vault maps discovered:
D:1:      amcnicky_arrival_single_pillar, layout_loops_cross, minivault_26
D:2:      layout_basic, shapermc_ecumenical_altar_petra
D:3:      layout_rooms, hangedman_feature_mirror, uniq_crazy_yiuf_cottage,
          uniq_sigmund

Skill      XL: |  1  2  3  4 |
---------------+-------------+-----
Fighting       | 4 6 |  6.3
Dodging        | 2 |  2.0
Stealth        | 1 |  1.2
Maces & Flails | |  2.0
Armour         | |  3.2
Shields        | |  3.2

Action                   |  1- 3 |  4- 6 || total
-------------------------+-------+-------++-------
Melee: Flail             |    85 |       ||    85
       Dagger            |    31 |    41 ||    72
       Whip              |       |     7 ||     7
  Use: Scroll            |     2 |       ||     2
       Potion            |       |     1 ||     1
Armor: Scale mail        |    71 |    15 ||    86
Dodge: Dodged            |    55 |    13 ||    68
Block: Buckler           |    22 |     6 ||    28

Table legend: (Time is in decaauts)
 A = Elapsed time spent in this place.
 B = Non-inter-level travel time spent in this place.
 C = Inter-level travel time spent in this place.
 D = Time resting spent in this place.
 E = Time spent auto-exploring this place.
 F = Levels seen in this place.
 G = Mean time per level.
                   A        B        C        D        E       F      G
               +--------+--------+--------+--------+--------+-----+--------+
         Total |   2413 |   2334 |     79 |      0 |   1968 |   3 |  804.3 |
       Dungeon |   2413 |   2334 |     79 |      0 |   1968 |   3 |  804.3 |
               +--------+--------+--------+--------+--------+-----+--------+

Top non-repeatable levels by time:
     D:2: 1065 daAuts
     D:1: 993 daAuts
     D:3: 354 daAuts
